[Event "45th FIDE Olympiad 2024"]
[Site "Budapest"]
[Date "2024.09.19"]
[Round "8.80"]
[White "Hassaballa, Ahmed Hassaballa"]
[Black "Skinner, Francis"]
[Result "1-0"]
[WhiteElo "1902"]
[BlackElo "1628"]
[PlyCount "121"]
[EventDate "2024.09.05"]
[EventType "team-tourn"]
[EventCountry "HUN"]
[WhiteTeam "Chad"]
[BlackTeam "Bahamas"]
[WhiteTeamCountry "CHD"]
[BlackTeamCountry "BAH"]
[TimeControl "40/5400+30:1800+30"]

1. e4 e5 2. Nf3 Nc6 3. Nc3 Bc5 4. Bc4 Nf6 5. O-O O-O 6. d3 d6 7. a3 Bg4 8. h3 Bxf3 9. Qxf3 Nd4 10. Qd1 a6 11. Bg5 h6 12. Bh4 c6 13. Nb1 Qe7 14. c3 Ne6 15. Qf3 Nf4 16. Nd2 b5 17. Ba2 Rad8 18. Rfd1 g5 19. Bg3 N6h5 20. Nf1 Qf6 21. Kh2 Kh7 22. Ne3 Ng7 23. d4 Bb6 24. Rac1 h5 25. Nf5 Kg6 26. Bxf4 Nxf5 27. exf5+ Kh6 28. Be3 d5 29. h4 Rg8 30. hxg5+ Rxg5 31. Bxg5+ Qxg5 32. Qe3 e4 33. Qxg5+ Kxg5 34. Kg1 Kxf5 35. Kf1 Bc7 36. g3 Kg4 37. Ke2 f5 38. Rh1 Rh8 39. Rh4+ Kg5 40. Rch1 Rh6 41. f4+ Kg6 42. Ke3 Bd8 43. R4h3 h4 44. gxh4 Kh5 45. Rg1 Bf6 46. Bb3 Rh7 47. Bd1+ Kh6 48. Rhg3 Rg7 49. Rxg7 Bxg7 50. h5 c5 51. Rg6+ Kh7 52. Rxa6 b4 53. axb4 cxb4 54. Ra7 bxc3 55. bxc3 Kh6 56. Rxg7 Kxg7 57. Bb3 Kh6 58. Bxd5 Kxh5 59. Be6 Kg6 60. c4 Kf6 61. d5 1-0

[Event "45th FIDE Olympiad 2024"]
[Site "Budapest"]
[Date "2024.09.19"]
[Round "8.81"]
[White "Cori, Jorge"]
[Black "Ragger, Markus"]
[Result "1/2-1/2"]
[ECO "D35"]
[WhiteElo "2609"]
[BlackElo "2601"]
[Annotator "TA"]
[PlyCount "62"]
[EventDate "2024.09.05"]
[EventType "team-tourn"]
[EventCountry "HUN"]
[SourceTitle "playchess.com"]
[Source "ChessBase"]
[SourceQuality "1"]
[WhiteTeam "Peru"]
[BlackTeam "Austria"]
[WhiteTeamCountry "PER"]
[BlackTeamCountry "AUT"]
[TimeControl "40/5400+30:1800+30"]

1. d4 Nf6 2. Nf3 d5 3. c4 e6 4. Nc3 Nbd7 5. cxd5 exd5 6. Bf4 c6 7. e3 Nh5 8. Bg5 Be7 9. Bxe7 Qxe7 10. Qc2 g6 11. O-O-O Nb6 12. Ne5 Be6 13. Kb1 Nf6 14. Bd3 Nfd7 15. Nxd7 Qxd7 16. h4 h5 17. Ka1 Qe7 18. Rc1 O-O-O 19. Na4 Kb8 20. Nc5 Bc8 21. Qb3 Ka8 22. Rc3 Nd7 23. Qa4 {[#] aiming for Ra3.} Nxc5 24. Rxc5 Rd6 25. b4 Kb8 26. b5 cxb5 {The position is equal.} 27. Qxb5 Rb6 28. Qa5 Be6 29. g3 Qf6 30. Qd2 Rc8 31. Rhc1 Rxc5 {A balanced but interesting game.   Weighted Error Value: White=0.05 (flawless) /Black=0.05 (flawless) .  OK:         	White=7     	Black=11     Best:        	---       	Black=1} 1/2-1/2

[Event "45th FIDE Olympiad 2024"]
[Site "Budapest"]
[Date "2024.09.19"]
[Round "8.81"]
[White "Bodin-Hullin, Thomas"]
[Black "Solomon, Joshua"]
[Result "1-0"]
[WhiteElo "1855"]
[BlackElo "1587"]
[PlyCount "61"]
[EventDate "2024.09.05"]
[EventType "team-tourn"]
[EventCountry "HUN"]
[WhiteTeam "Senegal"]
[BlackTeam "Antigua and Barbuda"]
[WhiteTeamCountry "SEN"]
[TimeControl "40/5400+30:1800+30"]

1. e4 c6 2. Nc3 d5 3. Nf3 dxe4 4. Nxe4 Nf6 5. Qe2 e6 6. d4 Nbd7 7. Ng3 Bd6 8. Bd2 O-O 9. O-O-O b5 10. Ne5 Qc7 11. f4 Bb7 12. Nh5 Nxh5 13. Qxh5 Nf6 14. Qh4 c5 15. dxc5 Qxc5 16. Bd3 Rfd8 17. Kb1 a5 18. Rhe1 Be7 19. Qh3 g6 20. g4 b4 21. f5 Nd5 22. fxe6 Nc3+ 23. Ka1 fxe6 24. g5 Bd5 25. Nxg6 Bxg5 26. Bxg5 Rd7 27. Ne5 Rb7 28. Be3 Qe7 29. Rg1+ Kf8 30. Rdf1+ Ke8 31. Rg8+ 1-0

[Event "45th FIDE Olympiad 2024"]
[Site "Budapest"]
[Date "2024.09.19"]
[Round "8.82"]
[White "Horvath, Dominik"]
[Black "Flores Quillas, Diego Saul Rodri"]
[Result "1/2-1/2"]
[ECO "B39"]
[WhiteElo "2559"]
[BlackElo "2451"]
[Annotator "TA"]
[PlyCount "148"]
[EventDate "2024.09.05"]
[EventType "team-tourn"]
[EventCountry "HUN"]
[SourceTitle "playchess.com"]
[Source "ChessBase"]
[SourceQuality "1"]
[WhiteTeam "Austria"]
[BlackTeam "Peru"]
[WhiteTeamCountry "AUT"]
[BlackTeamCountry "PER"]
[TimeControl "40/5400+30:1800+30"]

1. Nf3 c5 2. c4 g6 3. e4 Bg7 4. d4 cxd4 5. Nxd4 Nc6 6. Be3 Nf6 7. Nc3 Ng4 8. Qxg4 Nxd4 9. Qd1 Ne6 10. Rc1 d6 11. g3 {B39: Sicilian: Maroczy Bind with 5...Bg7 and 7...Ng4.} Bd7 12. Bg2 a5 $146 ({Predecessor:} 12... Bc6 13. O-O O-O 14. b4 b6 15. Qd2 Re8 16. f4 Nf8 17. Rfd1 Rc8 18. Nd5 Qd7 19. Bd4 Bxd5 20. exd5 Bxd4+ 21. Qxd4 Qa4 22. Qd2 a5 23. bxa5 bxa5 24. Bf1 {½-½ Penrose,J-Eliskases,E Mar del Plata International-25 1962 (4)}) 13. b3 Bc6 14. O-O O-O 15. a3 Nc5 16. b4 axb4 17. axb4 Na4 18. Nxa4 Bxa4 19. Qd3 Bd7 20. Rfd1 Ra2 21. Rd2 Rxd2 22. Qxd2 Qa8 23. c5 Be6 24. Bg5 dxc5 25. Bxe7 cxb4 26. Qxb4 Rc8 27. Rd1 Qa7 28. Bg5 h5 29. Be3 Qb8 30. Qb6 Qc7 31. Rb1 Qxb6 32. Rxb6 Bd4 33. Rxb7 Bxe3 34. fxe3 Rc1+ 35. Kf2 Rc2+ 36. Kg1 Re2 37. Bf3 Rxe3 38. Kf2 Ra3 39. h4 Kg7 40. Rb5 Kf6 41. Rc5 Ke7 42. Rb5 Bd7 43. Rb7 Kd8 44. Be2 Kc8 45. Rb4 Be6 46. Rd4 Kc7 47. Bd3 Ra8 48. Ke3 Kc6 49. e5 Kc5 50. Rd6 Ra3 51. Kf4 Ra4+ 52. Ke3 Ra3 (52... Rg4 $15 {should be considered.} 53. Kf2 Bb3) 53. Kf4 $11 Bd5 54. Be4 $1 Bxe4 55. Kxe4 Rxg3 56. Rd5+ Kc4 57. Rd4+ Kc5 58. Rd5+ Kc4 59. Rd4+ Kc3 60. Rd7 Rg4+ 61. Kf3 Kc4 62. Rxf7 Kd5 63. Rf4 Rg1 64. Ra4 Kxe5 65. Ra5+ Kf6 66. Ra6+ Kg7 67. Ra7+ Kh6 68. Ra4 Rb1 69. Kg3 Rb3+ 70. Kg2 Kg7 71. Rf4 Rb5 72. Kg3 Rb3+ 73. Kg2 Rb5 74. Kg3 Rb3+ 1/2-1/2

[Event "45th FIDE Olympiad 2024"]
[Site "Budapest"]
[Date "2024.09.19"]
[Round "8.82"]
[White "Matthew, Bailey"]
[Black "Lesbros, Bernard"]
[Result "1-0"]
[WhiteElo "1548"]
[BlackElo "1938"]
[PlyCount "117"]
[EventDate "2024.09.05"]
[EventType "team-tourn"]
[EventCountry "HUN"]
[WhiteTeam "Antigua and Barbuda"]
[BlackTeam "Senegal"]
[BlackTeamCountry "SEN"]
[TimeControl "40/5400+30:1800+30"]

1. e4 c5 2. d4 cxd4 3. c3 d3 4. Bxd3 Nc6 5. Nf3 g6 6. c4 Bg7 7. O-O d6 8. h3 Nf6 9. Nc3 O-O 10. Be3 Be6 11. Qd2 Rc8 12. b3 Qa5 13. Rac1 Rfd8 14. Bb1 Qh5 15. Ng5 Bd7 16. f4 e5 17. Nd5 Nxd5 18. exd5 Nd4 19. g4 Bxg4 20. Bxd4 Bxh3 21. Nxh3 Qxh3 22. Bxa7 exf4 23. Qxf4 Be5 24. Qf2 Re8 25. Qg2 Qh4 26. Bf2 Bd4 27. Bxd4 Qxd4+ 28. Qf2 Qg4+ 29. Qg2 Qd4+ 30. Rf2 Qe3 31. Rcf1 Re5 32. Qf3 Rg5+ 33. Kh1 Rh5+ 34. Rh2 Rxh2+ 35. Kxh2 Qh6+ 36. Qh3 Qd2+ 37. Kh1 f5 38. Qg3 Re8 39. Bxf5 Qh6+ 40. Kg1 Re3 41. Be6+ Kh8 42. Qf4 Qxf4 43. Rxf4 b6 44. Rf7 Re2 45. Ra7 h5 46. Ra6 g5 47. Rxb6 Rxa2 48. Rxd6 Kg7 49. Rb6 Kf6 50. Bg4+ Ke5 51. Bxh5 Kf4 52. d6 Kg3 53. Kf1 Rh2 54. d7 Rd2 55. Be8 g4 56. c5 Kf3 57. Ke1 Rd5 58. Rd6 Re5+ 59. Kd2 1-0

[Event "45th FIDE Olympiad 2024"]
[Site "Budapest"]
[Date "2024.09.19"]
[Round "8.83"]
[White "Fernandez Sanchez, Fernando Miguel"]
[Black "Blohberger, Felix"]
[Result "1/2-1/2"]
[ECO "C50"]
[WhiteElo "2399"]
[BlackElo "2520"]
[Annotator "TA"]
[PlyCount "49"]
[EventDate "2024.09.05"]
[EventType "team-tourn"]
[EventCountry "HUN"]
[SourceTitle "playchess.com"]
[Source "ChessBase"]
[SourceQuality "1"]
[WhiteTeam "Peru"]
[BlackTeam "Austria"]
[WhiteTeamCountry "PER"]
[BlackTeamCountry "AUT"]
[TimeControl "40/5400+30:1800+30"]

1. e4 e5 2. Nf3 Nc6 3. Bc4 Bc5 4. d3 d6 5. a4 Nf6 6. a5 Bb4+ 7. Bd2 Bxd2+ 8. Nbxd2 O-O 9. O-O Rb8 10. c3 b5 11. axb6 axb6 12. Bb5 Ne7 13. d4 c6 14. Bd3 Qc7 15. Re1 Ng6 16. Bf1 Bb7 17. b4 Ra8 18. Qc2 Rfe8 19. Rad1 h6 20. h3 Bc8 21. Nc4 {[%cal Oc4d6] Hoping for Nxd6!} Re6 22. Ne3 Re8 23. Nc4 {[%cal Oc4d6] Threatens to win with Nxd6!} Re6 24. Ne3 Re8 25. Nc4 {Not much happened in this game.   Weighted Error Value: White=0.05 (flawless) /Black=0.04 (flawless) .  OK:         	White=7     	Black=7      Best:        	White=1     	---} 1/2-1/2

[Event "45th FIDE Olympiad 2024"]
[Site "Budapest"]
[Date "2024.09.19"]
[Round "8.83"]
[White "Marochkina, Nadezhda Valerevna"]
[Black "Farquhar, Abner"]
[Result "1-0"]
[WhiteElo "1792"]
[BlackElo "1678"]
[PlyCount "123"]
[EventDate "2024.09.05"]
[EventType "team-tourn"]
[EventCountry "HUN"]
[WhiteTeam "Senegal"]
[BlackTeam "Antigua and Barbuda"]
[WhiteTeamCountry "SEN"]
[TimeControl "40/5400+30:1800+30"]

1. d4 d5 2. c4 e6 3. Nf3 Nf6 4. Bg5 dxc4 5. Nc3 Be7 6. e3 c5 7. Bxc4 cxd4 8. Nxd4 e5 9. Bb5+ Kf8 10. Nf3 a6 11. Be2 Qxd1+ 12. Rxd1 Nc6 13. O-O Be6 14. Rd2 Bb4 15. Rfd1 Bxc3 16. bxc3 Ne4 17. Rc2 f6 18. Bh4 Rc8 19. Nd2 Nb4 20. cxb4 Rxc2 21. Nxe4 Rxe2 22. Ng3 Rxa2 23. Rd8+ Ke7 24. Rxh8 Ra1+ 25. Nf1 Bc4 26. h3 Bxf1 27. Kh2 Bd3 28. Rc8 Be4 29. Rc5 Kd7 30. b5 a5 31. f3 b6 32. Rc3 Bb7 33. Rb3 a4 34. Rb4 Bd5 35. f4 a3 36. Ra4 a2 37. e4 Rb1 38. Ra7+ Kd6 39. fxe5+ fxe5 40. Be7+ Ke6 41. exd5+ Kxd5 42. Rxa2 Rxb5 43. Bd8 Rb1 44. Ra7 b5 45. Rxg7 b4 46. Rxh7 b3 47. Rb7 Kc4 48. h4 b2 49. Bf6 Rf1 50. Rxb2 Rxf6 51. g4 e4 52. g5 Rf4 53. Kg3 Rf3+ 54. Kg4 Rf1 55. Rb7 e3 56. Re7 Kd3 57. Rd7+ Kc2 58. Re7 Kd2 59. g6 e2 60. Kh5 Rg1 61. Kh6 Rg4 62. h5 1-0

[Event "45th FIDE Olympiad 2024"]
[Site "Budapest"]
[Date "2024.09.19"]
[Round "8.84"]
[White "Baidetskyi, Valentin"]
[Black "Delgado Romero, Marco"]
[Result "1-0"]
[ECO "B38"]
[WhiteElo "2512"]
[BlackElo "2390"]
[Annotator "TA"]
[PlyCount "103"]
[EventDate "2024.09.05"]
[EventType "team-tourn"]
[EventCountry "HUN"]
[SourceTitle "playchess.com"]
[Source "ChessBase"]
[SourceQuality "1"]
[WhiteTeam "Austria"]
[BlackTeam "Peru"]
[WhiteTeamCountry "AUT"]
[BlackTeamCountry "PER"]
[TimeControl "40/5400+30:1800+30"]

1. e4 c5 2. Nf3 g6 3. c4 Bg7 4. d4 cxd4 5. Nxd4 Nc6 6. Be3 Qb6 7. Nb5 Qa5+ 8. N5c3 d6 9. a3 (9. Be2 $14) 9... Nf6 10. f3 Be6 11. Nd2 (11. Be2 $14) 11... Nd7 $11 12. Rc1 O-O 13. Nb3 Qd8 14. Be2 a5 15. Na1 Nc5 (15... a4 $5) 16. b3 f5 17. exf5 gxf5 18. f4 Ne4 19. Nxe4 fxe4 20. O-O d5 21. cxd5 Bxd5 22. Rc5 Bf7 23. Qb1 a4 (23... Nd4 $15 24. Bg4 e5 25. Rxe5 Bxe5 26. fxe5 h5 27. Qxe4 Qh4 28. Qxd4 Qxg4 29. Qxg4+ hxg4) 24. Rd1 $36 {[%mdl 2048] Black is under pressure.} Qb6 (24... Nd4 $11 {keeps the balance.} 25. Bf1 axb3 (25... Bxb3 $2 26. Nxb3 axb3 27. Qxe4 $18)) 25. b4 (25. Qxe4 $16 e5 26. Rb5 (26. bxa4 exf4 27. Bd3 Bg6 $11) (26. fxe5 axb3 27. Bd3 Bg6 $16) (26. Rxe5 Qc7 $14)) 25... Rfd8 26. Qxe4 {[%cal Od1d3] Black must now prevent Rd3!} Rxd1+ 27. Bxd1 {aiming for Rg5.} Rd8 $2 (27... Qd8 $1 $11 28. Qb1 e5 29. fxe5 Bg6) 28. Bxa4 $18 Nd4 29. Nc2 $1 (29. Qxe7 Bf6 30. Rg5+ Bg6 31. Rxg6+ hxg6 $11) 29... e5 (29... Qe6 30. Qxe6 (30. Qxb7 $2 {perishes.} Nxc2 31. Qf3 Qxe3+ $19) 30... Nxe6) 30. fxe5 Bg6 31. Qh4 Nf5 32. Qc4+ Bf7 33. Qe2 Qg6 (33... Nxe3 $142 34. Nxe3 Qa7) 34. Bb5 (34. Bf2 $142) 34... Nxe3 35. Nxe3 {[%cal Bc2e3,Be3f1,Bf1g3,Bg3h5][%mdl 32] Hoping for Qg4.} Bh6 $2 {Loses the game.} (35... Qe4 $16 36. Bc4 Bxe5) 36. Nf1 Kh8 37. Bc4 Bf8 38. Rb5 (38. e6 Bxc5+ 39. bxc5 Be8 $16) 38... Be8 39. Rd5 Rc8 40. Rd1 Bc6 (40... Qg5 $142) 41. Ng3 Bg7 42. Nh5 Be4 $2 (42... Ba4 43. Re1 Qb6+ 44. Kh1 Qd4 45. Nxg7 Qxc4 46. Qxc4 Rxc4) 43. Nxg7 Rxc4 44. Nh5 Rc8 {[#] Dodges Rd8+} 45. e6 $1 {[%cal Be5e6,Be6e7][%mdl 32] e7 would kill now.} Kg8 {[#]} 46. Qxe4 $3 Qxh5 {[%mdl 4096] Endgame. KQR-KQR} (46... Qxe4 47. Nf6+) 47. Rf1 {[%cal Oe6e7] Intending e7! and mate.} Qg5 48. e7 {White mates.} Re8 49. Qe6+ Kg7 50. Rf7+ Kh8 51. Rf8+ Kg7 52. Qg8+ {Weighted Error Value: White=0.36/Black=0.55.  Loses game:     	---       	Black=2      Mistake:       	White=4     	Black=6      Inaccurate:     	White=4     	Black=5      OK:         	White=15    	Black=10     Best:        	White=1     	Black=2      Strong:       	White=1     	---} (52. Qf7+ $142 Kh6 53. Qxe8 (53. Qe6+ Qg6 54. Qxg6+ Kxg6 55. Rxe8 Kf7 56. Rb8 Kxe7 57. Rxb7+ Ke6 58. Rxh7 Kd6) 53... Qe3+ 54. Rf2 Qe1+ 55. Rf1 Qe3+ 56. Kh1 Qe6 57. Qf8+ (57. h4 b6 58. Qf8+ Kh5 59. e8=Q+ Qxe8 60. Rf5+ Kxh4 61. Qf6+ Kg4 62. Qg5#) 57... Kh5 58. e8=Q+ (58. e8=R Qg6 59. Rf5+ Qxf5 60. Qxf5+ Kh6 61. Re7 b6 62. Rxh7#) 58... Qxe8 59. Qxe8+ Kg5 60. Qe6 Kh5 61. Rf5+ Kh4 62. Qe4#) 1-0

[Event "45th FIDE Olympiad 2024"]
[Site "Budapest"]
[Date "2024.09.19"]
[Round "8.84"]
[White "Solomon, Jonathan"]
[Black "Cisse, Amadou Lamine"]
[Result "0-1"]
[WhiteElo "1536"]
[BlackElo "1948"]
[PlyCount "40"]
[EventDate "2024.09.05"]
[EventType "team-tourn"]
[EventCountry "HUN"]
[WhiteTeam "Antigua and Barbuda"]
[BlackTeam "Senegal"]
[BlackTeamCountry "SEN"]
[TimeControl "40/5400+30:1800+30"]

1. d4 d6 2. Bf4 Nf6 3. e3 g6 4. Nf3 Bg7 5. Nbd2 Nbd7 6. Bd3 O-O 7. O-O Re8 8. e4 e5 9. dxe5 dxe5 10. Be3 h6 11. h3 Qe7 12. Re1 Nh5 13. Nc4 Nf4 14. Qd2 g5 15. Rad1 Qf6 16. b3 Nxh3+ 17. Kh2 Nf4 18. g3 Nxd3 19. Kg2 Nxe1+ 20. Rxe1 Nf8 {0-} 0-1

[Event "45th FIDE Olympiad 2024"]
[Site "Budapest"]
[Date "2024.09.19"]
[Round "8.85"]
[White "Murphy, Conor E"]
[Black "Cheng, Bobby"]
[Result "1/2-1/2"]
[ECO "B51"]
[WhiteElo "2453"]
[BlackElo "2588"]
[Annotator "TA"]
[PlyCount "265"]
[EventDate "2024.09.05"]
[EventType "team-tourn"]
[EventCountry "HUN"]
[SourceTitle "playchess.com"]
[Source "ChessBase"]
[SourceQuality "1"]
[WhiteTeam "Ireland"]
[BlackTeam "Australia"]
[WhiteTeamCountry "IRL"]
[BlackTeamCountry "AUS"]
[TimeControl "40/5400+30:1800+30"]

1. e4 c5 2. Nf3 d6 3. Bb5+ Nd7 4. O-O a6 5. Be2 Ngf6 6. d3 e6 7. a4 b6 8. Nfd2 {The position is equal.} Nb8 9. f4 Nc6 10. Bf3 Bb7 11. c3 Be7 12. Qe2 Qc7 13. Nc4 (13. e5 $142 Nd7 14. exd6 Bxd6 15. Nc4) 13... O-O 14. Nxd6 Qxd6 15. e5 Qc7 16. exf6 Bxf6 17. Nd2 Na5 (17... Qxf4 $2 18. Bxc6 $18) 18. Bxb7 Qxb7 19. Ne4 Be7 20. Be3 Qd7 21. Qc2 Rac8 22. Rad1 Qd5 23. Ng3 g6 24. Ne4 Nc6 25. Bc1 Rfd8 26. Nf2 Bf6 27. Ng4 Bg7 28. Ne3 Qd7 29. Nc4 Qc7 30. Qe2 b5 31. axb5 axb5 32. Nd2 Ne7 33. Ne4 Nd5 34. Kh1 Rd7 35. Qf3 Qa7 36. Rfe1 Qb6 37. Qe2 Qc6 38. Qf3 Qb6 39. Qe2 $1 Qc7 40. Rf1 Qc6 41. Qf3 Ra7 (41... h6 $15) 42. c4 $1 $11 Nf6 43. cxb5 $1 (43. Nxf6+ $6 Bxf6 44. Qxc6 Rxc6 45. cxb5 Rb6 $14) 43... Qb7 (43... Qxb5 $6 44. Nd6 Qd7 45. Nxc8 Qxc8 46. Be3 $16) 44. Nd6 (44. Be3 $11) 44... Qxf3 $15 45. Rxf3 Rd8 ({Black should try} 45... Rb8 $17) 46. Nc4 $11 Rb7 47. b6 $1 Nd5 48. Bd2 $1 Ra8 ({But not} 48... Nxb6 $6 49. Nxb6 (49. Ba5 Nxc4 50. Bxd8 Nxb2 $15) 49... Rxb6 50. Ba5 $16) 49. Ba5 (49. Be3 Bd4 (49... Nxb6 50. Bxc5 Na4 51. Bg1 $15) 50. Bxd4 cxd4 $14) 49... Bxb2 50. Rb1 (50. g3 $11) 50... Bc3 $1 $36 {[%mdl 2048] Black is more active.} 51. Bxc3 Nxc3 52. Rc1 Ra4 53. g3 Nd5 54. Kg2 Kg7 (54... Nxb6 {simplifies} 55. Nxb6 Rxb6 56. Rxc5 Rb2+) 55. Rf2 Nxb6 56. Nxb6 Rxb6 57. Rxc5 {[%mdl 4096] Endgame. KRR-KRR} Rb3 58. Rd2 Rd4 59. h4 {[#]} (59. Rc7 $15) 59... h5 $1 $17 60. Kf2 Rdxd3 61. Rxd3 Rxd3 {KR-KR} 62. Ra5 Kf6 63. Rb5 Ke7 64. Ra5 Rd5 65. Ra7+ Rd7 66. Ra8 Kd6 67. Ra5 Rc7 68. Kf3 Rc3+ 69. Kf2 Rc5 70. Ra7 Rc7 71. Ra5 Ke7 72. Kf3 Kf6 73. Rb5 Ra7 74. Rb3 Rd7 75. Rb5 Rd3+ 76. Kf2 $1 Rd5 77. Rb7 Rf5 78. Kg2 Kg7 79. Ra7 Rd5 80. Kf3 Kf8 81. Ra6 Ke7 82. Ra7+ Rd7 83. Ra6 Rb7 84. Kf2 Kf6 {...Kf5 is the strong threat.} 85. Ra5 Rb3 86. Ra7 Rb5 87. Kf3 Kg7 88. Kf2 Rc5 89. Kf3 Rf5 90. Kg2 $1 e5 91. fxe5 Rxe5 92. Kf3 Kf6 93. Ra6+ Kf5 94. Ra7 f6 95. Ra4 Rb5 96. Ra3 Ke6 97. Re3+ Re5 {[#] White must now prevent ...Rxe3+.} 98. Ra3 Rf5+ 99. Kg2 Rd5 100. Kf3 Rb5 101. Re3+ $1 Re5 {( -> ...Rxe3+)} 102. Ra3 $1 Rf5+ 103. Kg2 Rd5 104. Kf3 $1 g5 105. hxg5 fxg5 106. Ra2 Rd3+ 107. Kg2 Re3 108. Kf2 Re5 109. Kf3 Rb5 110. Kg2 Kf5 111. Kf3 Rb3+ 112. Kg2 Re3 113. Kf2 Re5 114. Kf3 Rd5 115. Rb2 Rd3+ 116. Kg2 Ke4 117. Kf2 Rf3+ 118. Kg2 {Hoping for Rb4+.} Rc3 119. Kf2 g4 120. Rb4+ Kd3 121. Rb5 Rc2+ 122. Kg1 Ke4 123. Rxh5 Kf3 124. Rf5+ Kxg3 {Black is slightly better.} 125. Rf1 {Repels Rc1} Rg2+ 126. Kh1 Rf2 127. Ra1 Kh3 128. Kg1 Rg2+ (128... Re2 $5) 129. Kh1 Rb2 130. Kg1 g3 131. Rc1 Rg2+ 132. Kh1 Re2 133. Kg1 {Weighted Error Value: White=0.12 (very precise) /Black=0.12 (very precise) .  Mistake:       	White=4     	Black=2      Inaccurate:     	White=6     	Black=8      OK:         	White=34    	Black=34     Best:        	White=10    	Black=4      Strong:       	White=10    	Black=2} 1/2-1/2

[Event "45th FIDE Olympiad 2024"]
[Site "Budapest"]
[Date "2024.09.19"]
[Round "8.85"]
[White "Celis, Joel"]
[Black "Bhakta, Bahadur Monger"]
[Result "1-0"]
[WhiteElo "1929"]
[BlackElo "1911"]
[PlyCount "83"]
[EventDate "2024.09.05"]
[EventType "team-tourn"]
[EventCountry "HUN"]
[WhiteTeam "Macau, China"]
[BlackTeam "Bhutan"]
[BlackTeamCountry "BTN"]
[TimeControl "40/5400+30:1800+30"]

1. e4 c5 2. Nf3 Nc6 3. d4 cxd4 4. Nxd4 Nf6 5. Nc3 e5 6. Ndb5 d6 7. Bg5 a6 8. Na3 b5 9. Nd5 Be7 10. Bxf6 Bxf6 11. c3 Bg5 12. Nc2 Be6 13. a4 b4 14. Ncxb4 Nxb4 15. Nxb4 O-O 16. Bxa6 Rxa6 17. Nxa6 Qa8 18. Qe2 Rc8 19. Nb4 f5 20. Nd5 Bd8 21. f3 Qa7 22. Qc2 Ba5 23. O-O-O fxe4 24. fxe4 h6 25. Rhf1 Kh8 26. Rd3 Qd7 27. Rdf3 Re8 28. h3 Bd8 29. b4 Kh7 30. Kb2 Rg8 31. Ka3 g6 32. Nf6+ Bxf6 33. Rxf6 Rg7 34. Qd3 Bg8 35. Rxd6 Qa7 36. Rd1 Bf7 37. Qd2 Be8 38. a5 Qb7 39. Qd5 Qc7 40. Qc5 Qf7 41. Qxe5 Qc7 42. Re6 1-0

[Event "45th FIDE Olympiad 2024"]
[Site "Budapest"]
[Date "2024.09.19"]
[Round "8.86"]
[White "Sardana, Rishi"]
[Black "Kanyamarala, Tarun"]
[Result "1/2-1/2"]
[ECO "B22"]
[WhiteElo "2477"]
[BlackElo "2361"]
[Annotator "TA"]
[PlyCount "117"]
[EventDate "2024.09.05"]
[EventType "team-tourn"]
[EventCountry "HUN"]
[SourceTitle "playchess.com"]
[Source "ChessBase"]
[SourceQuality "1"]
[WhiteTeam "Australia"]
[BlackTeam "Ireland"]
[WhiteTeamCountry "AUS"]
[BlackTeamCountry "IRL"]
[TimeControl "40/5400+30:1800+30"]

1. e4 c5 2. Nf3 e6 3. c3 Nf6 4. e5 Nd5 5. d4 cxd4 6. cxd4 d6 7. Bc4 Be7 8. O-O O-O 9. Qe2 dxe5 10. dxe5 Bd7 11. Bxd5 exd5 12. Rd1 Be6 13. Nc3 Nc6 14. h3 Qd7 15. Be3 f6 16. exf6 Bxf6 17. Ne4 Rae8 18. Nc5 {A dynamic duo of knights.} Qf7 19. Nxe6 Rxe6 20. Qc2 {[%cal Oc2c5] Repels d4} (20. Rxd5 $2 Rxe3 21. Qd1 Re7 $19) 20... Re4 21. Rd2 Rfe8 {...d4 is the strong threat.} 22. Qd1 d4 23. Bg5 h6 24. Bxf6 Qxf6 25. Qb3+ Qf7 26. Qxf7+ Kxf7 {[#]} 27. b4 $1 Ne5 (27... Nxb4 28. Nxd4 Rd8 29. Rad1) (27... Rd8 28. Rad1) 28. Nxe5+ (28. Rxd4 $2 {loses.} Nxf3+ 29. gxf3 Rxd4 $19) 28... R8xe5 $14 {[%mdl 4096] Endgame. KRR-KRR} 29. Rad1 a5 ({Better is} 29... Re1+ $11 30. Rxe1 Rxe1+ 31. Kh2 Ke8) 30. bxa5 (30. Rxd4 axb4 31. g3 Rxd4 32. Rxd4 Rb5) 30... Rxa5 31. Rxd4 Rxd4 32. Rxd4 Rxa2 {KR-KR} 33. Rd7+ Kf6 34. Rxb7 Ra1+ 35. Kh2 Ra2 36. Kg3 Ra3+ 37. f3 Rc3 38. Kg4 (38. h4 $14) 38... Rc2 ({Black should play} 38... Rc4+ $1 $11 39. f4 g5) 39. Rb6+ Kf7 40. g3 Rc4+ 41. f4 Ra4 (41... Rc3 $14) 42. Rb5 Kf6 43. h4 Ra3 44. Rb6+ Kf7 45. Rb5 Kf6 $1 46. Rf5+ Kg6 {[%cal Oa3g3] [#]} 47. h5+ $1 Kh7 48. Rf8 Rb3 49. Kh4 Ra3 50. Re8 Rf3 51. Re4 Ra3 52. g4 Rb3 53. g5 (53. Re1 $16) 53... hxg5+ $11 {The position is equal.} 54. fxg5 Rb1 55. Re3 Rh1+ 56. Kg4 Rg1+ 57. Kf4 Rh1 58. Kg4 Rg1+ 59. Kf4 {Weighted Error Value: White=0.09 (flawless) /Black=0.07 (flawless) .  Mistake:       	White=2     	Black=3      Inaccurate:     	White=1     	Black=1      OK:         	White=13    	Black=17     Best:        	White=3     	Black=3      Strong:       	White=1     	Black=1} 1/2-1/2

[Event "45th FIDE Olympiad 2024"]
[Site "Budapest"]
[Date "2024.09.19"]
[Round "8.86"]
[White "Mahendra, Gurung"]
[Black "Mak, Tong Kuan"]
[Result "0-1"]
[WhiteElo "1725"]
[BlackElo "1902"]
[PlyCount "100"]
[EventDate "2024.09.05"]
[EventType "team-tourn"]
[EventCountry "HUN"]
[WhiteTeam "Bhutan"]
[BlackTeam "Macau, China"]
[WhiteTeamCountry "BTN"]
[TimeControl "40/5400+30:1800+30"]

1. e4 c6 2. Nf3 d5 3. exd5 cxd5 4. d4 Nc6 5. Bb5 Qa5+ 6. Nc3 Bg4 7. O-O e6 8. Qd3 Bxf3 9. Qxf3 Be7 10. Bf4 Nf6 11. Be5 O-O 12. Bd3 Nxe5 13. dxe5 Nd7 14. Rfe1 g6 15. Qh3 Rfd8 16. f4 Nc5 17. Rf1 Qb6 18. Kh1 Qxb2 19. Ne2 Nxd3 20. Qxd3 Rac8 21. c3 Rd7 22. a4 Qb6 23. h3 Rc4 24. Rf3 Rdc7 25. a5 Qa6 26. Qd2 R7c5 27. Qa2 Bd8 28. Qd2 Rxa5 29. Raf1 Ra2 30. Qd3 Ba5 31. Rg3 Rc6 32. f5 Qxd3 33. Rxd3 Rxe2 34. fxg6 hxg6 35. Rdf3 Rc7 36. Rd3 Rxe5 37. g4 Bxc3 38. Rc1 Re1+ 39. Rxe1 Bxe1 40. Kg2 b5 41. Kf3 b4 42. Kf4 Bc3 43. h4 b3 44. Rd1 a5 45. h5 a4 46. hxg6 fxg6 47. Kg5 Kg7 48. Rb1 Bd2+ 49. Kh4 Bc1 50. g5 b2 {0-} 0-1